 Dungeon Crawl Stone Soup version 0.26-a0-1177-g1209ec82b9 (webtiles) character file.

Game seed: 2619494154240706607

647678 sokol815 the Metallomancer (level 27, -2/186 HPs)
             Began as an Octopode Delver on Dec 23, 2020.
             Was an Initiate of Gozag.
             Splashed by an acid blob's acid (15 damage)
             ... on level 2 of the Pits of Slime on Dec 24, 2020.
             The game lasted 06:26:39 (92337 turns).

sokol815 the Metallomancer (Octopode Delver)       Turns: 92337, Time: 06:26:40

Health: -2/186     AC: -19   Str: 18      XL:     27
Magic:  38/38      EV: 35    Int: 26      God:    Gozag
Gold:   2326       SH: 14    Dex: 29 (30) Spells: 1/49 levels left

rFire    + + .     SeeInvis +   a - +8 scimitar (flame)
rCold    + + +     Faith    .   x - +3 buckler {reflect}
rNeg     + + +     Spirit   .   (helmet restricted)
rPois    +         Reflect  +   I - amulet of Zin's Castigation {rC++ Will+ Regen+}
rElec    +         Harm     .   e - ring "Vedaez" {rF+ Slay+4}
rCorr    .         Rampage  .   P - ring "Sawiezoh" {Wiz Str+4 Dex+4 Stlth+}
Will     +++++                  t - ring "Abrasm" {+Fly rElec rPois Int+5}
Stlth    +++++++++.             r - ring of the Raven {*Corrode rN+ AC+4 Int+2 Dex+6}
HPRegen  0.81/turn              Y - ring of Sockewir {*Slow rC+ rN++ EV+4 Stlth+}
MPRegen  0.26/turn              c - ring "Ategoqom" {Wiz rN+ Will++ Str-3}
                                V - ring "Veeskuih" {Str+4 Slay+4}
                                F - ring "Qysuyjic" {rF+ rC++ SInv}

@: corroded, gold aura, berserk cooldown, slowed, very slow
A: almost no armour, stealthy swim, amphibious, 8 rings, constrict 8, molten
scales 1, thin metallic scales 1, camouflage 1, agile 1, blurry vision 1,
deterioration 1, poison resistance, screaming 1, wild magic 1, gelatinous body 1
}: 3/15 runes: serpentine, barnacled, silver
a: Renounce Religion, Evoke Flight, Potion Petition, Call Merchant, Bribe Branch


You were on level 2 of the Pits of Slime.
You worshipped Gozag.
Gozag was most pleased with you.
You visited 12 branches of the dungeon, and saw 52 of its levels.
You also visited: Bailey, Gauntlet, Ice Cave, Volcano and Wizlab.

You collected 37943 gold pieces.
You spent 11424 gold pieces at shops.
You paid 24193 gold pieces to Gozag.

Inventory:

Hand Weapons
 a - a +8 scimitar of flaming (weapon)
   (You took it off Erica on level 8 of the Dungeon)
 b - a +7 dagger of speed
   (You took it off an orc on level 3 of the Dungeon)
Missiles
 L - 10 throwing nets {=f, !d}
Armour
 x - a +3 buckler of reflection (worn)
   (You bought it in a shop on level 1 of the Snake Pit)
Magical Staves
 d - an uncursed staff of air {rElec}
   (You took it off a wizard on level 13 of the Dungeon)
 g - an uncursed staff of conjuration {!a}
   (You found it on level 2 of the Vaults)
 R - an uncursed staff of earth
   (You found it on level 2 of the Depths)
Jewellery
 c - the ring "Ategoqom" (on tentacle) {Wiz rN+ Will++ Str-3}
   (You bought it in a shop on level 11 of the Dungeon)

   [ring of wizardry]

   It improves your spell success rate.
   It affects your strength (-3).
   It protects you from negative energy.
   It affects your willpower, your defense against some magical effects.
 e - the ring "Vedaez" (left tentacle) {rF+ Slay+4}
   (You took it off a vault sentinel on level 5 of the Vaults)

   [ring of slaying]

   It affects your accuracy and damage with ranged weapons and melee attacks
   (+4).
   It protects you from fire.
 n - an uncursed ring of resist corrosion
   (You found it on level 4 of the Dungeon)
 r - the ring of the Raven (on tentacle) {*Corrode rN+ AC+4 Int+2 Dex+6}
   (You bought it in a shop on level 13 of the Dungeon)

   [ring of protection]

   It affects your AC (+4).
   It affects your intelligence (+2).
   It affects your dexterity (+6).
   It protects you from negative energy.
   It may corrode you when you take damage.
 t - the ring "Abrasm" (on tentacle) {+Fly rElec rPois Int+5}
   (You bought it in a shop on level 11 of the Dungeon)

   [ring of poison resistance]

   It affects your intelligence (+5).
   It insulates you from electricity.
   It protects you from poison.
   It lets you fly.
 F - the ring "Qysuyjic" (on tentacle) {rF+ rC++ SInv}
   (You bought it in a shop on level 13 of the Dungeon)

   [ring of see invisible]

   It protects you from fire.
   It greatly protects you from cold.
   It lets you see invisible.
 I - the amulet of Zin's Castigation (around mantle) {rC++ Will+ Regen+}
   (You found it on level 3 of the Crypt)

   [amulet of regeneration]

   It greatly protects you from cold.
   It affects your willpower, your defense against some magical effects.
   It increases your rate of regeneration.
 O - the amulet of the Four Winds {rN+ Will+++ Clar}
   (You bought it in a shop on level 13 of the Dungeon)

   [amulet of nothing]

   It protects you from negative energy.
   It affects your willpower, your defense against some magical effects.
   It protects you against confusion.
 P - the ring "Sawiezoh" (right tentacle) {Wiz Str+4 Dex+4 Stlth+}
   (You took it off a tengu reaver on level 5 of the Vaults)

   [ring of wizardry]

   It improves your spell success rate.
   It affects your strength (+4).
   It affects your dexterity (+4).
   It makes you more stealthy.
 U - the ring of Robustness {AC+8}
   (You bought it in a shop on level 13 of the Dungeon)

   [ring of protection]

   It affects your AC (+8).
 V - the ring "Veeskuih" (on tentacle) {Str+4 Slay+4}
   (You found it on level 2 of the Snake Pit)

   [ring of slaying]

   It affects your strength (+4).
   It affects your accuracy and damage with ranged weapons and melee attacks
   (+4).
 Y - the ring of Sockewir (on tentacle) {*Slow rC+ rN++ EV+4 Stlth+}
   (You bought it in a shop on level 11 of the Dungeon)

   [ring of evasion]

   It affects your evasion (+4).
   It protects you from cold.
   It greatly protects you from negative energy.
   It may slow you when you take damage.
   It makes you more stealthy.
Wands
 f - a wand of digging (4)
 h - a wand of iceblast (54)
   (You found it on level 5 of the Lair of Beasts)
 q - a wand of acid (42)
   (You found it on level 7 of the Dungeon)
 C - a wand of enslavement (33)
   (You found it on level 13 of the Dungeon)
 H - a wand of disintegration (47)
   (You found it on level 8 of the Dungeon)
 N - a wand of paralysis (6)
   (You took it off Maurice on level 2 of the Orcish Mines)
Scrolls
 i - 12 scrolls of fog
 j - 19 scrolls of identify
 k - 4 scrolls of blinking {!r}
 l - 4 scrolls of magic mapping {!r}
 m - a scroll of brand weapon
 o - 37 scrolls of remove curse
 p - 16 scrolls of teleportation
 y - 3 scrolls of holy word {!r}
 A - 15 scrolls of immolation {!r}
 K - a scroll of summoning
 T - 5 scrolls of silence
Potions
 s - 10 potions of brilliance
 u - 7 potions of haste
 v - 3 potions of cancellation
 w - a potion of invisibility
 D - 12 potions of magic
 E - 4 potions of heal wounds
 G - 20 potions of curing
 M - 2 potions of resistance
 S - 9 potions of mutation {!q}
 W - 11 potions of flight
 Z - 4 potions of might
Miscellaneous
 z - a box of beasts
   (You found it on level 6 of the Lair of Beasts)
 B - a tin of tremorstones (2/2)
   (You found it on level 6 of the Lair of Beasts)
 J - a phial of floods
   (You found it on level 3 of the Crypt)
 Q - a condenser vane
   (You found it on level 2 of the Shoals)
 X - a lightning rod (4/4)
   (You found it on level 1 of the Lair of Beasts)


   Skills:
 - Level 15.0 Fighting
 - Level 8.5(11.8) Short Blades
 - Level 13.1(14.0) Long Blades
 - Level 15.0 Dodging
 - Level 14.0 Stealth
 - Level 18.9 Shields
 + Level 11.6 Spellcasting
 - Level 11.9 Conjurations
 - Level 14.0 Transmutations
 - Level 12.2 Fire Magic
 + Level 12.8 Ice Magic
 - Level 12.3 Air Magic
 - Level 25.0 Earth Magic
 - Level 8.0 Poison Magic
 - Level 10.0 Evocations


You had one spell level left.
You knew the following spells:

 Your Spells              Type           Power        Failure   Level
a - Lightning Bolt        Conj/Air       40%          1%          5
b - Airstrike             Air            40%          1%          4
c - Statue Form           Tmut/Erth      66%          1%          6
d - Bolt of Magma         Conj/Fire/Erth 46%          1%          5
e - Irradiate             Conj/Tmut      41%          1%          5
f - Fireball              Conj/Fire      39%          1%          5
g - Ozocubu's Refrigerat  Ice            41%          1%          6
h - Shatter               Erth           56%          5%          9
x - Mephitic Cloud        Conj/Pois/Air  75%          1%          3

Your spell library contained the following spells:

 Spells                   Type           Power        Failure   Level
 Animate Skeleton         Necr           38%          1%          1
 Apportation              Tloc           38%          1%          1
 Corona                   Hex            21%          1%          1
 Foxfire                  Conj/Fire      100%         1%          1
 Freeze                   Ice            100%         1%          1
 Magic Dart               Conj           100%         1%          1
 Pain                     Necr           76%          1%          1
 Sandblast                Erth           100%         1%          1
 Shock                    Conj/Air       100%         1%          1
 Sting                    Tmut/Pois      100%         1%          1
 Summon Small Mammal      Summ           76%          1%          1
 Corpse Rot               Necr/Air       N/A          1%          2
 Ensorcelled Hibernation  Hex/Ice        100%         1%          2
 Passwall                 Tmut/Erth      83%          1%          2
 Poisonous Vapours        Pois/Air       100%         1%          2
 Searing Ray              Conj           100%         1%          2
 Swiftness                Air            80%          1%          2
 Conjure Flame            Conj/Fire      79%          1%          3
 Dazzling Flash           Conj/Hex       100%         1%          3
 Frozen Ramparts          Ice            100%         1%          3
 Ignite Poison            Fire/Tmut/Pois 77%          1%          3
 Inner Flame              Hex/Fire       57%          1%          3
 Ozocubu's Armour         Ice            82%          1%          3
 Static Discharge         Conj/Air       80%          1%          3
 Stone Arrow              Conj/Erth      100%         1%          3
 Fulminant Prism          Conj/Hex       28%          1%          4
 Hailstorm                Conj/Ice       80%          1%          4
 Ice Form                 Ice/Tmut       84%          1%          4
 Iskenderun's Mystic Bla  Conj/Tloc      56%          1%          4
 Leda's Liquefaction      Hex/Erth       40%          1%          4
 Olgreb's Toxic Radiance  Pois           65%          1%          4
 Petrify                  Tmut/Erth      100%         1%          4
 Sticky Flame             Conj/Fire      79%          1%          4
 Summon Ice Beast         Ice/Summ       58%          1%          4
 Summon Lightning Spire   Summ/Air       57%          1%          4
 Alistair's Intoxication  Tmut/Pois      50%          1%          5
 Borgnjor's Vile Clutch   Necr/Erth      40%          1%          5
 Iskenderun's Battlesphe  Conj           79%          1%          5
 Lee's Rapid Deconstruct  Erth           56%          1%          5
 Conjure Ball Lightning   Conj/Air       40%          1%          6
 Freezing Cloud           Conj/Ice/Air   40%          1%          6
 Hydra Form               Tmut           42%          1%          6
 Iron Shot                Conj/Erth      48%          1%          6
 Blink                    Tloc           N/A          2%          2
 Call Imp                 Summ           19%          2%          2
 Slow                     Hex            19%          2%          2
 Sublimation of Blood     Necr           9%           2%          2
 Yara's Violent Unravell  Hex/Tmut       30%          2%          5
 Eringya's Noxious Bog    Tmut/Pois      38%          2%          6
 Metabolic Englaciation   Hex/Ice        29%          3%          5
 Silence                  Hex/Air        28%          3%          5
 Call Canine Familiar     Summ           19%          4%          3
 Confusing Touch          Hex            19%          4%          3
 Lesser Beckoning         Tloc           9%           4%          3
 Portal Projectile        Hex/Tloc       38%          4%          3
 Summon Guardian Golem    Hex/Summ       19%          4%          3
 Tukima's Dance           Hex            19%          4%          3
 Vampiric Draining        Necr           9%           4%          3
 Dragon Form              Tmut           42%          4%          7
 Lehudib's Crystal Spear  Conj/Erth      48%          5%          8
 Orb of Destruction       Conj           39%          10%         7
 Animate Dead             Necr           9%           13%         4
 Dispel Undead            Necr           19%          13%         4
 Passage of Golubria      Tloc           N/A          13%         4
 Simulacrum               Ice/Necr       29%          16%         6
 Agony                    Necr           19%          32%         5
 Excruciating Wounds      Necr           9%           32%         5
 Summon Forest            Summ/Tloc      9%           32%         5
 Chain Lightning          Conj/Air       40%          45%         8
 Ignition                 Fire           40%          45%         8
 Spellforged Servitor     Conj/Summ      28%          61%         7
 Death Channel            Necr           9%           83%         6
 Invisibility             Hex            19%          83%         6
 Absolute Zero            Ice            41%          99%         9
 Fire Storm               Conj/Fire      39%          99%         9
 Tornado                  Air            40%          99%         9
 Malign Gateway           Summ/Tloc      9%           100%        7
 Monstrous Menagerie      Summ           9%           100%        7
 Summon Greater Demon     Summ           9%           100%        7
 Summon Hydra             Summ           9%           100%        7
 Summon Horrible Things   Summ           9%           100%        8


Dungeon Overview and Level Annotations

Branches:
Dungeon (15/15)            Temple (1/1) D:7            Lair (6/6) D:11
 Shoals (4/4) Lair:4        Snake (4/4) Lair:3        Slime (3/5) Lair:6
    Orc (2/2) D:11            Elf (3/3) Orc:2        Vaults (5/5) D:13
  Crypt (3/3) Vaults:3       Tomb (0/3) Crypt:3      Depths (5/5) D:15
    Zot (1/5) Depths:5     Bailey (visited)           IceCv (visited)
Volcano (visited)          WizLab (visited)         Gauntlet (visited)

Altars:
Cheibriados
Elyvilon
Gozag
Hepliaklqana
Kikubaaqudgha
Makhleb
Nemelex Xobeh
Sif Muna
Trog
Wu Jian
Xom
Zin
The Shining One
Beogh
Jiyva

Shops:
D:6 }   D:9 =(   D:11 =:=   D:13 *(=*==[[(=   Orc:1 *   Orc:2 =!(:   Elf:1 ?
Snake:1 [*}**[[?   Snake:4 }=}   Vaults:4 [

Portals:
Hell: Depths:1 Depths:2 Depths:3 Depths:4 Depths:5
Abyss: Shoals:1 Depths:1 Depths:4
Pandemonium: Depths:3 Depths:5
Ziggurat: Depths:4

Annotations:
Shoals:1 2 transporters, Yphe's ghost, adept MiBe
Slime:3 exclusion: azure jelly
Zot:1 exclusion: orb of fire


Innate Abilities, Weirdness & Mutations

You cannot wear most types of armour.
You are very stealthy in the water. (Stealth+)
You are amphibious.
You can wear up to eight rings at the same time.
You can use your tentacles to constrict eight enemies at once.
Your skin changes colour to match your surroundings (Stealth+).
Your rubbery body absorbs attacks. (AC +1, EV +1)
You are partially covered in molten scales. (AC +2)
You are partially covered in thin metallic scales. (AC +2)
You are agile. (Dex +2)
Scrolls take you a little longer to read.
Your body sometimes deteriorates upon taking damage.
Your system is resistant to poisons. (rPois)
You occasionally shout uncontrollably at your foes.
Your spells are a little harder to cast, but a little more powerful.


Message History

Your +3 buckler of reflection reflects the splash of acid!
The splash of acid hits the acid blob.
The acid blob completely resists.
The slime creature barely misses you.
You riposte.
You hit the slime creature. You burn the slime creature.
You squeeze the slime creature, but do no damage.
You take 9 damage, and have 74/241 hp.
Unknown command.
You slash the acid blob! You burn the acid blob.
Your tentacles burn!
You block the acid blob's attack. The acid blob hits you!!
* * * LOW HITPOINT WARNING * * *
Your body deteriorates!
You feel clumsy. The acid corrodes you!
You are splashed with acid!
* * * LOW HITPOINT WARNING * * *
The slime creature completely misses you.
You block the acid blob's attack. The acid blob hits you!
* * * LOW HITPOINT WARNING * * *
You are splashed with acid!
* * * LOW HITPOINT WARNING * * *
You take 58 damage, and have 16/241 hp.
MASSIVE DAMAGE!!
Really read
k - 5 scrolls of blinking {!r}?
Really read with blurry vision while enemies are nearby?
The slime creature completely misses you.
You riposte.
You slash the slime creature! You burn the slime creature!
You squeeze the slime creature!! The acid blob completely misses you.
You block the acid blob's attack.
You begin reading the scroll.
You continue reading the scroll.
The acid blob misses you.
You riposte.
You slash the acid blob! You burn the acid blob. You squeeze the acid blob.
You kill the acid blob!
You block the acid blob's attack. You block the slime creature's attack.
The acid blob completely misses you.
You riposte.
You hit the acid blob but do no damage. You squeeze the acid blob!
You block the slime creature's attack. The acid blob spits acid at you.
The splash of acid hits you but does no damage.
You are splashed with acid!
* * * LOW HITPOINT WARNING * * *
Blink to where?
As you read the scroll of blinking {!r}, it crumbles to dust.
You take 6 damage, and have 10/241 hp.
You feel much better. The acid blob spits acid at you.
The splash of acid hits you!
* * * LOW HITPOINT WARNING * * *
The acid corrodes you!
You are splashed with acid!
* * * LOW HITPOINT WARNING * * *
You take 4 damage, and have 6/241 hp.
You feel much better.
You revert to your normal fleshy form.
The acid blob spits acid at you. The splash of acid hits you!
* * * LOW HITPOINT WARNING * * *
The acid corrodes you!
You are splashed with acid!
* * * LOW HITPOINT WARNING * * *
The acid blob spits acid at you.
Your +3 buckler of reflection reflects the splash of acid!
The splash of acid hits the acid blob.
The acid blob completely resists.
You now have 1/186 hp.
Really read
k - 4 scrolls of blinking {!r}?
Okay, then. [a] - 325 gold - heal wounds, curing and berserk rage [b] - 378 gold - haste and brilliance [c] - 390 gold - heal wounds, curing and berserk rage Purchase which effect?
You feel much better.
You feel better.
A red film seems to cover your vision as you go berserk!
You feel yourself moving faster!
You feel mighty!
You feel yourself speed up.
You now have 46/279 hp.
You feel a strong urge to attack something.
The acid blob spits acid at you. The splash of acid hits you!
* * * LOW HITPOINT WARNING * * *
You are splashed with acid!
* * * LOW HITPOINT WARNING * * *
You take 19 damage, and have 27/279 hp.
The acid blob becomes distracted by the nearby gold, dreaming of imaginary riches.
There is a stone staircase leading up here.
You feel your anger nearly subside.
You are no longer berserk.
You are exhausted.
You feel yourself slow down.
You climb upwards.
The slime creature quivers. 3 slime creatures come into view.
An acid blob comes into view.
Found an escape hatch in the ceiling.
Found two stone staircases leading up.
There is a stone staircase leading down here.
You now have 20/186 hp.
You regained 2 hp, and now have 22/186 hp.
You shout at the slime creature!
A slime creature comes into view.
The slime creature quivers. x3; The acid blob quivers.
The slime creature quivers.
The acid blob spits acid at you. The splash of acid hits you!
* * * LOW HITPOINT WARNING * * *
You are splashed with acid!
You die...
Your body crumbles into a pile of gold.

###............
...#....J.......
#................
#................
##..............J
#..............#.
............J....
#..<.....@.J.....
...........J.#...
.......>......J..
.#...............
.................
...............##
...........<...#
.......#........
#...............


You could see an acid blob and 5 slime creatures.

Vanquished Creatures
  Mennas (Depths:4)
  A juggernaut (Depths:3)
  3 ancient liches
  Sojobo (Depths:5)
  Boris (Crypt:1)
  Margery (Crypt:1)
  A caustic shrike (Depths:3)
  6 golden dragons
  Vashnia (Snake:2)
  The ghost of Zonian the Slayer, an adept HOFi of Beogh (Vaults:4)
  the Enchantress (Depths:1)
  Jory (Depths:2)
  A bone dragon (Crypt:3)
  2 electric golems (Zot:1)
  A moon troll (WizLab)
  Jorgrun (Snake:2)
  5 tentacled monstrosities
  An Ice Fiend (IceCv)
  5 acid blobs
  12 liches
  2 titans (Vaults:5)
  3 quicksilver dragons
  2 krakens
  3 deep elf master archers (Elf:3)
  4 death cobs (Zot:1)
  8 tentacled starspawn (WizLab)
  Frances (D:14)
  7 tengu reavers
  4 ancient champions
  9 sphinxes
  A sphinx (shapeshifter) (Vaults:1)
  6 shadow dragons
  Agnes (Elf:2)
  Roxanne (Snake:2)
  A storm dragon (Vaults:5)
  2 azure jellies
  Kirke (Elf:1)
  2 revenants
  5 nagarajas (Snake:4)
  6 fire giants
  A fenstrider witch (shapeshifter) (Depths:5)
  22 vault wardens
  3 iron dragons
  7 deep elf sorcerers
  2 ghost moths (Depths:2)
  5 curse skulls
  2 draconian scorchers (Depths:5)
  A caustic shrike zombie (Depths:4)
  17 frost giants
  6 deep elf elementalists
  13 ironheart preservers
  3 war gargoyles (Crypt:3)
  4 ghouls (Crypt:2)
  Aizul (Snake:1)
  2 cacodemons (WizLab)
  A juggernaut zombie (Depths:4)
  A juggernaut skeleton (Depths:3)
  19 stone giants
  3 spriggan defenders (Depths:1)
  35 very ugly things
  A caustic shrike skeleton (Depths:4)
  15 vampire knights
  3 green draconians
  12 deep elf annihilators
  8 deep elf demonologists
  Azrael (Snake:3)
  Nessos (D:12)
  An entropy weaver (Vaults:4)
  A spark wasp (shapeshifter) (Vaults:1)
  6 dire elephants (Lair:6)
  2 purple draconians (Zot:1)
  A white draconian (Depths:5)
  12 spark wasps
  A yellow draconian (Zot:1)
  3 red draconians
  2 minotaurs
  12 ettins
  6 eidola
  2 merfolk javelineers (Shoals:4)
  A quicksilver dragon zombie (Depths:4)
  10 fire dragons
  A death ooze (Lair:6)
  10 deep elf death magi
  10 deep elf high priests
  A green death (Depths:5)
  9 merfolk impalers
  Erolcha (Orc:2)
  The ghost of Uwkeq the Cleaver, a journeyman MiFi (D:12)
  18 yaktaur captains
  10 jiangshi
  Josephine (Orc:1)
  14 great orbs of eyes
  33 vault guards
  10 ice dragons
  20 naga warriors
  12 boulder beetles
  The ghost of sokol815 the Carver, a journeyman OpDe of Gozag (Lair:3)
  4 merfolk avatars
  A quicksilver dragon skeleton (Crypt:3)
  4 rakshasas
  14 anacondas
  A hydra (shapeshifter) (Vaults:5)
  11 hydras
  An alligator snapping turtle (Shoals:4)
  7 death knights
  A satyr (Shoals:1)
  5 spriggan air magi
  15 ogre magi
  7 centaur warriors
  45 two-headed ogres
  Erica (D:8)
  9 merfolk aquamancers
  5 tengu warriors
  10 death yaks
  11 vampire magi
  12 deep troll earth magi
  13 deep troll shamans
  2 orc high priests
  Urug (D:12)
  5 spriggan berserkers
  2 storm dragon zombies
  23 naga sharpshooters
  14 shock serpents
  18 deep elf knights
  3 titan zombies
  A sun demon (Depths:5)
  Nergalle (D:12)
  2 wretched stars (WizLab)
  A fire crab (Volcano)
  A titan skeleton (Depths:4)
  21 hell knights
  4 salamander mystics
  A sixfirhy (Depths:5)
  30 skeletal warriors
  41 deep trolls
  An orange crystal statue (WizLab)
  2 unseen horrors
  10 shadow wraiths
  7 iron trolls
  9 sea snakes
  15 flayed ghosts
  An anaconda skeleton (Crypt:2)
  13 glowing orange brains
  2 golden dragon zombies (Depths:4)
  13 phantasmal warriors
  An infernal demonspawn (Depths:3)
  16 naga ritualists
  10 wizards
  3 lindwurms
  2 golden dragon skeletons
  A goliath frog zombie (Crypt:1)
  A bog body (Crypt:2)
  A gelid demonspawn (Depths:3)
  12 ironbrand convokers
  2 tengu zombies
  A wolf spider zombie (Crypt:1)
  34 harpies
  14 deep elf archers
  23 orc knights
  A fire giant zombie (Depths:4)
  13 necromancers
  2 frost giant zombies
  6 wolf spiders
  A shining eye (Lair:6)
  4 oklob plants
  A faun (Shoals:1)
  An iron dragon skeleton (Depths:4)
  A tengu skeleton (Depths:3)
  19 mana vipers
  2 cyclopes (shapeshifter)
  55 deep elf magi
  13 salamanders
  8 merfolk sirens
  10 cyclopes
  40 ugly things
  A manticore (shapeshifter) (Vaults:5)
  3 moths of wrath (Zot:1)
  2 fire giant skeletons
  9 manticores
  18 guardian serpents
  9 elephants
  3 spriggan zombies
  2 stone giant skeletons (Crypt:3)
  5 smoke demons (Crypt:3)
  3 frost giant skeletons
  3 ice statues
  A water nymph (Shoals:4)
  7 eyes of devastation (WizLab)
  27 naga magi
  Maurice (Orc:2)
  65 black mambas
  2 molten gargoyles (Volcano)
  2 catoblepas zombies (Crypt:3)
  An orange demon (Depths:3)
  9 cane toads
  7 gargoyles
  9 vault sentinels
  2 dire elephant skeletons
  2 elf zombies
  3 anaconda simulacra (IceCv)
  9 komodo dragons
  A rime drake (shapeshifter) (Vaults:2)
  A hellion (Depths:3)
  15 freezing wraiths
  73 yaktaurs
  A grey draconian skeleton (Crypt:1)
  3 red devils (Crypt:3)
  6 trolls
  2 golden dragon simulacra (IceCv)
  2 hydra zombies (Crypt:1)
  3 tengu conjurers
  A purple draconian skeleton (Crypt:1)
  5 ice devils
  6 wind drakes
  A death drake zombie (Crypt:1)
  30 merfolk
  4 polar bears
  3 meliai (D:12)
  A yaktaur skeleton (D:15)
  A hornet (shapeshifter) (Vaults:2)
  A hydra skeleton (Crypt:1)
  11 hornets
  8 snapping turtles
  4 blink frogs (Lair:6)
  An ettin zombie (Crypt:1)
  50 slime creatures
  2 fire dragon zombies
  3 dream sheep (Shoals:4)
  3 ice dragon zombies
  2 human simulacra (Vaults:5)
  A shapeshifter (Vaults:2)
  9 redbacks
  8 flying skulls
  A guardian serpent skeleton (Crypt:2)
  5 vampires (Crypt:3)
  An ettin skeleton (Crypt:3)
  11 shadows
  8 wyverns
  5 fire elementals
  An alligator skeleton (Crypt:3)
  A dire elephant simulacrum (IceCv)
  9 spriggans
  13 water elementals
  2 air elementals
  7 fire bats
  A ynoxinul (Depths:3)
  5 hogs
  20 humans (D:13)
  23 wraiths
  A golden eye (shapeshifter) (Elf:2)
  3 yaks (shapeshifter)
  26 yaks
  A chaos spawn (Depths:5)
  4 basilisks
  A steam dragon (Volcano)
  2 iron troll simulacra (IceCv)
  An elf skeleton (Depths:4)
  2 harpy simulacra (IceCv)
  84 nagas
  24 vampire mosquitoes
  11 wargs
  A soldier ant (D:11)
  3 acid dragons
  A two-headed ogre zombie (Crypt:2)
  4 hell hounds
  3 hydra simulacra (IceCv)
  21 water moccasins
  A deep troll skeleton (Vaults:5)
  A floating eye (Vaults:2)
  57 orc warriors
  2 black bears (shapeshifter)
  6 ice beasts
  3 sky beasts
  8 black bears
  2 eyes of draining (Lair:6)
  6 starcursed masses (WizLab)
  4 human zombies
  A hornet zombie (D:11)
  2 snapping turtle skeletons (Crypt:3)
  6 small abominations (Gauntlet)
  5 boggarts
  3 ettin simulacra
  A phantom (D:4)
  4 necrophages
  23 wolves
  An alligator simulacrum (IceCv)
  2 large abominations (Gauntlet)
  15 centaurs
  38 ogres
  A wyvern zombie (Crypt:2)
  A big kobold (D:12)
  A gnoll sergeant (D:8)
  16 bullfrogs
  3 human skeletons
  2 earth elementals (Elf:2)
  A water moccasin zombie (Crypt:1)
  6 scorpions
  An orc simulacrum (Vaults:2)
  An elephant simulacrum (IceCv)
  14 killer bees
  25 wights
  4 howler monkeys
  2 lava snakes (Volcano)
  4 centaur zombies
  2 bullfrog zombies
  2 draconian simulacra (IceCv)
  24 orc wizards
  10 jellies
  A quasit (D:11)
  10 orc priests
  3 centaur skeletons
  4 hounds
  A bullfrog skeleton (D:13)
  An iron imp (Depths:4)
  A hell rat (Lair:3)
  4 iguanas
  Terence (D:2)
  17 worker ants
  A spriggan simulacrum (IceCv)
  3 polar bear simulacra (IceCv)
  4 troll simulacra (IceCv)
  A big kobold skeleton (Crypt:2)
  An acid dragon skeleton (Crypt:2)
  A mummy (Crypt:2)
  2 hound zombies
  25 gnolls
  An ogre simulacrum (IceCv)
  21 adders
  4 naga simulacra (IceCv)
  4 river rats (Lair:3)
  A scorpion zombie (Crypt:1)
  4 shadow imps
  9 white imps
  10 ufetubi
  6 oozes
  An adder skeleton (D:4)
  An adder zombie (D:9)
  4 worms
  7 leopard geckos
  124 orcs
  7 bats
  A bat skeleton (Crypt:2)
  3 giant cockroaches
  8 goblins
  23 hobgoblins
  11 jackals
  15 kobolds
  9 quokkas
  2 ball pythons (Lair:3)
  8 frilled lizards
  A goblin skeleton (Crypt:2)
  A jackal skeleton (Crypt:1)
  A kobold skeleton (Crypt:1)
  A leopard gecko skeleton (D:6)
  14 rats
  8 starspawn tentacles (WizLab)
  3 tentacles (Shoals:3)
2714 creatures vanquished.

Vanquished Creatures (others)
  A deep elf blademaster (Elf:3)
  A deep elf master archer (Elf:3)
  A deep elf sorcerer (Elf:3)
  A deep elf elementalist (Elf:3)
  A purple draconian (Depths:5)
  A fire dragon (Depths:3)
  An ettin (Vaults:5)
  A vault guard (Vaults:5)
  24 dancing weapons
  A necromancer (Depths:3)
  2 deep elf magi
  A manticore (Shoals:3)
  A black mamba (Snake:4)
  A flying skull (Crypt:1)
  A naga (Snake:4)
  A boggart (Depths:4)
  A white imp (IceCv)
  An orc (D:12)
  3 demonic plants (WizLab)
  53 fungi
  142 plants
  13 starspawn tentacles (WizLab)
  5 tentacles
  19 withered plants
277 creatures vanquished.

Grand Total: 2991 creatures vanquished

Notes
Turn   | Place    | Note
-------+----------+-------------------------------------------
     0 | D:5      | sokol815 the Octopode Delver began the quest for the Orb.
     0 | D:5      | Reached XP level 1. HP: 16/16 MP: 1/1
    39 | D:5      | Found a hazy altar of Hepliaklqana.
    84 | D:5      | Noticed an ice beast
    92 | D:5      | Noticed an ice beast
   130 | D:3      | Reached XP level 2. HP: 8/21 MP: 2/2
   318 | D:3      | Found a white marble altar of Elyvilon.
   420 | D:2      | Found a faded altar of an unknown god.
   439 | D:2      | Reached XP level 3. HP: 20/26 MP: 3/3
   691 | D:2      | Reached skill level 3 in Long Blades
   691 | D:2      | Reached skill level 3 in Dodging
  1102 | D:1      | Reached XP level 4. HP: 31/31 MP: 4/4
  2064 | D:2      | Reached skill level 1 in Short Blades
  2064 | D:2      | Reached skill level 7 in Stealth
  2081 | D:2      | Noticed Terence
  2634 | D:3      | Reached XP level 5. HP: 36/36 MP: 5/5
  3037 | D:4      | Reached skill level 2 in Short Blades
  3262 | D:4      | Reached XP level 6. HP: 23/42 MP: 2/6
  3424 | D:4      | Reached skill level 3 in Short Blades
  3424 | D:4      | Reached skill level 4 in Dodging
  3424 | D:4      | Noticed an orc warrior
  3425 | D:4      | Killed an orc warrior
  3433 | D:4      | Reached skill level 8 in Stealth
  3433 | D:4      | Reached XP level 7. HP: 45/46 MP: 7/7
  3609 | D:4      | Reached skill level 4 in Short Blades
  4304 | D:6      | Reached skill level 5 in Short Blades
  4321 | D:6      | HP: 10/46 [centaur (2)]
  4332 | D:6      | Reached skill level 5 in Dodging
  4332 | D:6      | Reached XP level 8. HP: 18/52 MP: 3/8
  4334 | D:6      | HP: 18/78 [acid (1)]
  4701 | D:6      | Reached skill level 9 in Stealth
  5817 | D:5      | Reached skill level 6 in Dodging
  5856 | D:5      | Reached skill level 10 in Stealth
  6104 | D:4      | Reached skill level 7 in Dodging
  6202 | D:2      | Killed Terence
  6301 | D:6      | Found Waasig's Gadget Shop.
  6373 | D:7      | Reached XP level 9. HP: 56/56 MP: 9/9
  6618 | D:7      | Reached skill level 6 in Short Blades
  6818 | D:7      | Noticed a hornet
  6821 | D:7      | Killed a hornet
  6822 | D:7      | Reached skill level 8 in Dodging
  6841 | D:7      | Found a staircase to the Ecumenical Temple.
  6853 | Temple   | Entered the Ecumenical Temple
  6860 | Temple   | Became a worshipper of Gozag Ym Sagoz the Greedy
  6885 | D:7      | Reached skill level 7 in Short Blades
  7364 | D:8      | Reached skill level 4 in Long Blades
  7600 | D:8      | Reached skill level 5 in Long Blades
  7609 | D:8      | HP: 6/56 [orc priest/divine providence (10)]
  8030 | D:8      | Noticed Erica
  8040 | D:8      | Killed Erica
  8041 | D:8      | Reached skill level 6 in Long Blades
  8041 | D:8      | Reached skill level 11 in Stealth
  8041 | D:8      | Reached XP level 10. HP: 63/63 MP: 10/10
  8179 | D:8      | Got a slimy war axe
  8180 | D:8      | Identified the +2 war axe of World's End {holy, *Slow rPois
                  | rF+ Dex+6} (You found it on level 8 of the Dungeon)
  8355 | D:9      | Got a wavering granite ring
  8356 | D:9      | Identified the cursed ring "Ollaost" {+Inv Will+ Dex-4}
                  | (You found it on level 9 of the Dungeon)
  8387 | D:9      | Found Weusm's Antique Weapon Shoppe.
  8398 | D:9      | Reached skill level 7 in Long Blades
  8410 | D:9      | Reached skill level 1 in Evocations
  8536 | D:9      | Reached skill level 2 in Evocations
  9365 | D:9      | Reached skill level 3 in Evocations
  9399 | D:9      | Paralysed by a hornet for 3 turns
  9712 | D:9      | Reached skill level 8 in Long Blades
  9712 | D:9      | Reached skill level 4 in Evocations
  9990 | D:10     | Entered Level 10 of the Dungeon
 10006 | D:10     | Learned a level 3 spell: Mephitic Cloud
 10062 | D:10     | Noticed a centaur warrior
 10089 | D:10     | Found a huge runed translucent gate.
 10090 | D:10     | Found a huge runed translucent gate.
 10090 | D:10     | Found a huge runed translucent gate.
 10090 | D:10     | Found a huge runed translucent gate.
 10090 | D:10     | Noticed a manticore
 10403 | D:10     | Got a sparkling bronze ring
 10404 | D:10     | Identified the cursed ring of Plog {*Drain rElec Will+
                  | Str-4 Dex+2} (You found it on level 10 of the Dungeon)
 10706 | D:10     | Reached skill level 1 in Poison Magic
 10871 | D:9      | Bought the ring of Bouph {rPois rN+} for 499 gold pieces
 11150 | D:10     | Killed a centaur warrior
 11151 | D:10     | Reached skill level 8 in Short Blades
 11151 | D:10     | Reached skill level 1 in Conjurations
 11151 | D:10     | Reached skill level 1 in Air Magic
 11151 | D:10     | Reached skill level 5 in Evocations
 11151 | D:10     | Reached XP level 11. HP: 60/67 MP: 8/11
 11259 | D:11     | Reached skill level 12 in Stealth
 11295 | D:11     | Reached skill level 2 in Poison Magic
 11333 | D:11     | Noticed a brown ugly thing
 11341 | D:11     | Noticed a cyan ugly thing
 11357 | D:11     | Reached skill level 2 in Air Magic
 11361 | D:11     | Killed a purple ugly thing
 11362 | D:11     | Reached skill level 2 in Conjurations
 11472 | D:11     | Found a flagged portal.
 11475 | D:11     | Found a staircase to the Orcish Mines.
 11480 | Bailey   | Entered a bailey
 11843 | Bailey   | Reached skill level 5 in Conjurations
 11843 | Bailey   | Reached skill level 5 in Air Magic
 11843 | Bailey   | Reached skill level 6 in Poison Magic
 11843 | Bailey   | Reached XP level 12. HP: 56/72 MP: 12/12
 12022 | D:11     | Reached skill level 6 in Evocations
 12212 | D:11     | Gained mutation: You are strong-willed. (Will+) [potion of
                  | mutation]
 12212 | D:11     | Gained mutation: Your muscles are strong. (Str +2) [potion
                  | of mutation]
 12357 | D:11     | Reached skill level 7 in Poison Magic
 12674 | D:9      | Bought the amulet "Iphess" {Reflect Str+4 Dex-2 SH+5 SInv
                  | Stlth+} for 771 gold pieces
 12828 | D:11     | Reached skill level 7 in Evocations
 12929 | D:11     | Reached skill level 6 in Air Magic
 12991 | D:11     | Found a staircase to the Lair.
 13402 | Lair:1   | Entered Level 1 of the Lair of Beasts
 13402 | Lair:1   | Noticed a seven-headed hydra
 13406 | Lair:1   | Killed a seven-headed hydra
 13566 | Lair:1   | Reached skill level 6 in Conjurations
 13761 | Lair:1   | Reached skill level 8 in Poison Magic
 13793 | Lair:1   | Reached skill level 8 in Evocations
 13861 | Lair:1   | Reached skill level 13 in Stealth
 14158 | Lair:1   | Noticed a five-headed hydra
 14255 | Lair:1   | Noticed a four-headed hydra
 14257 | Lair:1   | Killed a four-headed hydra
 14258 | Lair:1   | Reached XP level 13. HP: 77/77 MP: 13/13
 14303 | Lair:1   | Reached skill level 9 in Evocations
 14773 | Lair:1   | Reached skill level 1 in Shields
 14781 | Lair:1   | Reached skill level 2 in Shields
 14781 | Lair:1   | Reached skill level 10 in Evocations
 14801 | Lair:1   | Reached skill level 14 in Stealth
 15041 | Lair:1   | Reached skill level 3 in Shields
 15126 | Lair:2   | Reached skill level 4 in Shields
 15505 | Lair:1   | Reached skill level 1 in Spellcasting
 15754 | Lair:2   | Learned a level 5 spell: Lightning Bolt
 15962 | Lair:3   | Found a runed translucent gate.
 15962 | Lair:3   | Found a runed translucent gate.
 15962 | Lair:3   | Found a runed translucent gate.
 15976 | Lair:3   | Noticed sokol815's ghost (journeyman OpDe)
 16059 | Lair:3   | Reached skill level 2 in Spellcasting
 16069 | Lair:3   | Found a staircase to the Snake Pit.
 17224 | Lair:4   | Reached skill level 3 in Spellcasting
 17311 | Lair:4   | Found a dark tunnel.
 17345 | Volcano  | Entered a volcano
 17451 | Volcano  | Found a radiant altar of Vehumet.
 17468 | Volcano  | Reached skill level 7 in Conjurations
 17468 | Volcano  | Reached skill level 7 in Air Magic
 17630 | Volcano  | Reached skill level 9 in Dodging
 17705 | Volcano  | Gained mutation: You tend to lose your temper in combat.
                  | [mutagenic glow]
 18024 | Lair:4   | Reached XP level 14. HP: 79/80 MP: 19/19
 18146 | Lair:4   | Found a staircase to the Shoals.
 18164 | Lair:4   | Reached skill level 4 in Spellcasting
 18900 | Lair:5   | Found a shimmering blue altar of Sif Muna.
 19006 | Lair:4   | Reached skill level 8 in Conjurations
 19014 | Lair:4   | HP: 17/83 [death yak (22)]
 19015 | Lair:4   | HP: 1/83 [death yak (16)]
 19477 | Lair:4   | Reached skill level 8 in Air Magic
 20241 | Lair:6   | Entered Level 6 of the Lair of Beasts
 20250 | Lair:6   | Reached skill level 10 in Dodging
 21313 | Lair:6   | Found a staircase to the Slime Pits.
 21603 | Lair:6   | Reached skill level 9 in Conjurations
 21685 | Lair:6   | Reached skill level 9 in Air Magic
 22139 | Lair:6   | Noticed a dire elephant
 22146 | Lair:6   | Killed a dire elephant
 22162 | Lair:6   | Noticed a dire elephant
 22178 | Lair:6   | Killed a dire elephant
 22221 | Lair:6   | Noticed a dire elephant
 22227 | Lair:6   | Killed a dire elephant
 22335 | Lair:6   | Noticed a dire elephant
 22340 | Lair:6   | Killed a dire elephant
 22366 | Lair:6   | Noticed a dire elephant
 22366 | Lair:6   | Noticed a dire elephant
 22377 | Lair:6   | Killed a dire elephant
 22384 | Lair:6   | Killed a dire elephant
 22385 | Lair:6   | Reached skill level 11 in Dodging
 22658 | D:12     | Reached XP level 15. HP: 83/88 MP: 21/21
 22768 | D:12     | Found a gate leading to a gauntlet.
 22768 | D:12     | Noticed Nergalle
 22803 | D:12     | Killed Nergalle
 22880 | D:12     | Reached skill level 10 in Conjurations
 22904 | Gauntlet | Entered a Gauntlet
 22904 | Gauntlet | Found a transporter.
 22904 | Gauntlet | Found a transporter.
 22904 | Gauntlet | Found a transporter.
 23001 | Gauntlet | Found a transporter.
 23013 | Gauntlet | Found a transporter.
 23019 | Gauntlet | Found a transporter.
 23037 | Gauntlet | Found a transporter.
 23080 | Gauntlet | Found a transporter.
 23096 | Gauntlet | Found a transporter.
 23105 | Gauntlet | Found a transporter.
 23120 | Gauntlet | Found a transporter.
 23130 | Gauntlet | Found a transporter.
 23215 | Gauntlet | Reached skill level 10 in Air Magic
 23232 | Gauntlet | Got a brightly glowing iron amulet
 23291 | Gauntlet | Identified the amulet "Roqawn" {Spirit Will+} (You found it
                  | in a Gauntlet)
 23421 | Gauntlet | Identified the cursed +2 shortbow "Xufuug" {vorpal, Str+3
                  | Dex+4}
 23700 | D:12     | Reached skill level 12 in Dodging
 23746 | D:12     | Noticed Nessos
 23767 | D:12     | Noticed Urug
 23779 | D:12     | Killed Urug
 23792 | D:12     | Killed Nessos
 24080 | D:12     | Found a runed translucent gate.
 24080 | D:12     | Found a runed translucent gate.
 24081 | D:12     | Found a runed translucent gate.
 24083 | D:12     | Noticed Uwkeq's ghost (journeyman MiFi)
 24754 | D:13     | Found a snail-covered altar of Cheibriados.
 24822 | D:13     | Found a shimmering altar of Xom.
 24822 | D:13     | Found a shimmering altar of Xom.
 24822 | D:13     | Found a shimmering altar of Xom.
 24822 | D:13     | Found a shimmering altar of Xom.
 24823 | D:13     | Found a shimmering altar of Xom.
 24832 | D:13     | Found a shimmering altar of Xom.
 24834 | D:13     | Found a shimmering altar of Xom.
 24834 | D:13     | Found a shimmering altar of Xom.
 24902 | D:13     | Reached skill level 4 in Fighting
 25225 | D:13     | Found a gate to the Vaults.
 25529 | D:13     | Bought the ring "Qysuyjic" {rF+ rC++ SInv} for 604 gold
                  | pieces
 25529 | D:13     | Bought the ring of the Raven {*Corrode rN+ AC+4 Int+2
                  | Dex+6} for 759 gold pieces
 25687 | D:14     | Reached skill level 5 in Fighting
 26022 | D:14     | Noticed Frances
 26027 | D:14     | Killed Frances
 26264 | D:14     | Reached skill level 11 in Air Magic
 26341 | D:14     | Reached skill level 11 in Conjurations
 27042 | D:15     | Entered Level 15 of the Dungeon
 27057 | D:15     | Reached skill level 6 in Fighting
 27074 | D:15     | Identified Sif Muna's Almanac of Supportive Toxins
 27192 | D:15     | Found a staircase to the Depths.
 27718 | D:15     | Reached XP level 16. HP: 100/100 MP: 22/22
 28555 | D:15     | Lost mutation: You are strong-willed. (Will+) [potion of
                  | mutation]
 28555 | D:15     | Gained mutation: You are robust. (+10% HP) [potion of
                  | mutation]
 28556 | D:15     | Lost mutation: You are robust. (+10% HP) [potion of
                  | mutation]
 28556 | D:15     | Lost mutation: You tend to lose your temper in combat.
                  | [potion of mutation]
 28556 | D:15     | Lost mutation: Your muscles are strong. (Str +2) [potion of
                  | mutation]
 28556 | D:15     | Gained mutation: Potions are less effective at restoring
                  | your health. [potion of mutation]
 28556 | D:15     | Gained mutation: Your system is resistant to poisons.
                  | (rPois) [potion of mutation]
 28556 | D:15     | Gained mutation: You are partially covered in thin metallic
                  | scales. (AC +2) [potion of mutation]
 28873 | D:15     | Learned a level 9 spell: Tornado
 29870 | Orc:1    | Entered Level 1 of the Orcish Mines
 29900 | Orc:1    | Reached skill level 7 in Fighting
 30306 | Orc:1    | Found a burning altar of Makhleb.
 30370 | Orc:2    | Entered Level 2 of the Orcish Mines
 30375 | Orc:2    | Found a staircase to the Elven Halls.
 30539 | Orc:2    | Noticed Maurice
 30548 | Orc:2    | Killed Maurice
 30726 | Orc:1    | Noticed Josephine
 30737 | Orc:1    | Found Sukysh's General Store.
 30814 | Orc:1    | Killed Josephine
 30859 | Orc:1    | Reached skill level 12 in Air Magic
 31421 | Orc:2    | Noticed Erolcha
 31430 | Orc:2    | Killed Erolcha
 31619 | Orc:2    | Found Qairant's Book Shoppe.
 31619 | Orc:2    | Found Mainyeje's Weapon Shop.
 31790 | Orc:2    | Bought a book of the Earth for 1040 gold pieces
 31797 | Orc:2    | Learned a level 6 spell: Statue Form
 32012 | Orc:2    | Found a roughly hewn altar of Beogh.
 32301 | Orc:2    | Found Zorrob Idab's Distillery.
 32301 | Orc:2    | Found Zajudodgh's Jewellery Shop.
 32342 | Orc:2    | Found a roughly hewn altar of Beogh.
 32548 | Lair:1   | HP: 24/104 [oklob plant/splash of acid (5)]
 32885 | Lair:1   | Reached skill level 1 in Transmutations
 32885 | Lair:1   | Reached skill level 1 in Earth Magic
 33108 | Lair:1   | Identified Sif Muna's Collected Works on Doomed
                  | Transformation
 33952 | Snake:1  | Entered Level 1 of the Snake Pit
 33952 | Snake:1  | Found a bloodstained altar of Trog.
 34363 | Snake:1  | Reached skill level 2 in Transmutations
 34363 | Snake:1  | Reached skill level 2 in Earth Magic
 34370 | Snake:1  | HP: 14/104 [anaconda (16)]
 34371 | Snake:1  | Reached skill level 8 in Fighting
 34375 | Snake:1  | HP: 20/105 [anaconda (4)]
 34728 | Snake:1  | Reached skill level 9 in Long Blades
 34800 | Snake:1  | Found Relugyg's General Store.
 35085 | Snake:1  | Found a glowing silver altar of Zin.
 35182 | Shoals:1 | Entered Level 1 of the Shoals
 35208 | Shoals:1 | Reached skill level 3 in Earth Magic
 35242 | Shoals:1 | Reached skill level 3 in Transmutations
 35247 | Shoals:1 | Identified a scroll of acquirement
 35248 | Shoals:1 | Acquired 297 gold pieces
 35625 | Shoals:1 | Noticed a tentacled starspawn
 35629 | Shoals:1 | Found a transporter.
 35640 | Shoals:1 | Identified the cursed +0 demon trident of the Vendetta
                  | {distort, Fragile rN+ SInv}
 35678 | Shoals:1 | Found a transporter.
 35679 | Shoals:1 | Found a one-way gate to the infinite horrors of the Abyss.
 35679 | Shoals:1 | Noticed Yphe's ghost (adept MiBe)
 35811 | Shoals:1 | HP: 25/105 [merfolk impaler/+6 vampiric trident (11)]
 36264 | Shoals:1 | Reached skill level 4 in Earth Magic
 36270 | Shoals:1 | Reached skill level 4 in Transmutations
 36322 | Shoals:1 | Acquired a book of Power
 37029 | Shoals:1 | Reached XP level 17. HP: 28/109 MP: 21/23
 37400 | Shoals:2 | Noticed a kraken
 37416 | Shoals:2 | Killed a kraken
 37646 | Shoals:1 | Learned a level 4 spell: Airstrike
 37909 | Shoals:2 | Reached skill level 10 in Long Blades
 37956 | Shoals:2 | Reached skill level 5 in Transmutations
 38022 | Shoals:2 | You fall into a shaft and drop 1 floor!
 38031 | Shoals:2 | Reached skill level 5 in Earth Magic
 38337 | Shoals:2 | HP: 16/109 [merfolk/+0 trident (12)]
 38361 | Shoals:2 | HP: 14/109 [merfolk/+0 trident (23)]
 39962 | Shoals:3 | Reached skill level 6 in Transmutations
 40032 | Shoals:3 | Reached skill level 6 in Earth Magic
 40298 | Shoals:3 | Noticed a kraken
 40319 | Shoals:3 | Killed a kraken
 40570 | Shoals:4 | Entered Level 4 of the Shoals
 40602 | Shoals:4 | Found an opulent altar of Gozag.
 41628 | Shoals:4 | Reached skill level 11 in Long Blades
 41628 | Shoals:4 | Reached skill level 7 in Transmutations
 41629 | Shoals:4 | Reached skill level 7 in Earth Magic
 41785 | Shoals:4 | Got a barnacled rune of Zot
 42002 | Shoals:4 | HP: 27/109 [merfolk/boomerang (22)]
 42002 | Shoals:4 | HP: 10/109 [merfolk javelineer/javelin (17)]
 42863 | Shoals:4 | Reached skill level 8 in Transmutations
 43136 | Shoals:4 | Reached skill level 8 in Earth Magic
 43536 | Shoals:4 | Reached XP level 18. HP: 97/116 MP: 21/24
 44001 | Vaults:1 | Entered Level 1 of the Vaults
 44519 | Vaults:1 | Reached skill level 12 in Long Blades
 45375 | Vaults:1 | Reached skill level 9 in Transmutations
 45525 | Vaults:1 | Reached skill level 9 in Earth Magic
 45579 | Vaults:1 | Learned a level 6 spell: Iron Shot
 47364 | Vaults:1 | Noticed a quicksilver dragon
 47558 | Vaults:1 | Reached skill level 10 in Transmutations
 47628 | Vaults:1 | Reached skill level 10 in Earth Magic
 48073 | Vaults:2 | Reached skill level 13 in Long Blades
 48273 | Vaults:2 | Reached XP level 19. HP: 57/120 MP: 12/25
 48286 | Vaults:2 | Reached skill level 11 in Transmutations
 48286 | Vaults:2 | Reached skill level 11 in Earth Magic
 48578 | Vaults:2 | Identified the +9 hunting sling of Valour {flame, rF- Int+2
                  | Dex+4 Stlth+}
 48857 | Vaults:2 | Identified Sif Muna's Volume of Ashen Ignition
 49607 | D:13     | Bought the amulet of the Four Winds {rN+ Will+++ Clar} for
                  | 614 gold pieces
 49607 | D:13     | Bought the ring of Robustness {AC+8} for 1792 gold pieces
 49607 | D:13     | Found the ring of Robustness {AC+8}
 49607 | D:13     | Found the amulet of the Four Winds {rN+ Will+++ Clar}
 50545 | Vaults:2 | Reached skill level 12 in Transmutations
 50545 | Vaults:2 | Reached skill level 12 in Earth Magic
 50714 | Vaults:3 | Found a magical portal.
 50829 | WizLab   | Entered Lehudib's Moon Base
 50876 | WizLab   | Found a transporter.
 50976 | WizLab   | HP: 31/156 [white very ugly thing (12)]
 51757 | WizLab   | Gained mutation: You are frail. (-10% HP) [a cacodemon]
 51767 | WizLab   | Reached skill level 13 in Transmutations
 51767 | WizLab   | Reached skill level 13 in Earth Magic
 51879 | WizLab   | Reached XP level 20. HP: 70/113 MP: 13/26
 52101 | WizLab   | Got a pitted garnet amulet
 52102 | WizLab   | Identified the amulet of Nilosy {RegenMP Dex+3} (You found
                  | it in a wizard's laboratory)
 52172 | WizLab   | Found a transporter.
 52504 | WizLab   | Paralysed by accursed screaming for 1 turns
 52509 | WizLab   | Paralysed by accursed screaming for 1 turns
 53058 | WizLab   | Gained mutation: Your muscles are strong. (Str +2) [a
                  | cacodemon]
 53081 | WizLab   | HP: 30/146 [moon troll/bolt of acid (14)]
 53083 | WizLab   | HP: 12/146 [moon troll (6)]
 53416 | WizLab   | Got a bound golden ring
 53445 | WizLab   | Identified Lehudib's Papyrus of Shifting Stones
 53476 | WizLab   | Got an encrusted spear
 53479 | WizLab   | Identified the cursed ring of Noclyneo {rElec Will+ MP+9
                  | Int-4 Stlth-} (You found it in a wizard's laboratory)
 53774 | Vaults:3 | Reached skill level 14 in Transmutations
 53774 | Vaults:3 | Reached skill level 14 in Earth Magic
 53839 | Vaults:3 | Reached skill level 1 in Fire Magic
 54033 | Vaults:3 | Reached skill level 2 in Fire Magic
 54116 | Vaults:3 | Reached skill level 3 in Fire Magic
 54171 | Vaults:3 | Lost mutation: Potions are less effective at restoring your
                  | health. [potion of mutation]
 54171 | Vaults:3 | Lost mutation: You are frail. (-10% HP) [potion of
                  | mutation]
 54171 | Vaults:3 | Lost mutation: Your muscles are strong. (Str +2) [potion of
                  | mutation]
 54171 | Vaults:3 | Gained mutation: Your spells are a little harder to cast,
                  | but a little more powerful. [potion of mutation]
 54171 | Vaults:3 | Gained mutation: You occasionally shout uncontrollably at
                  | your foes. [potion of mutation]
 54171 | Vaults:3 | Gained mutation: You are partially covered in molten
                  | scales. (AC +2) [potion of mutation]
 54249 | Vaults:3 | Reached skill level 4 in Fire Magic
 54598 | Vaults:3 | Reached skill level 5 in Fire Magic
 54835 | Vaults:3 | Reached skill level 6 in Fire Magic
 55184 | Vaults:3 | Found a staircase to the Crypt.
 55325 | Vaults:3 | Reached skill level 7 in Fire Magic
 55581 | Vaults:4 | Reached skill level 9 in Fighting
 55589 | Vaults:4 | Reached skill level 8 in Fire Magic
 55877 | Vaults:4 | Reached skill level 9 in Fire Magic
 56022 | Vaults:4 | Reached XP level 21. HP: 119/135 MP: 19/27
 56327 | Vaults:4 | Reached skill level 10 in Fire Magic
 56537 | Vaults:4 | Reached skill level 11 in Fire Magic
 56542 | Vaults:4 | Reached skill level 13 in Dodging
 56730 | Vaults:4 | Found a runed translucent gate.
 56730 | Vaults:4 | Found a runed translucent gate.
 56732 | Vaults:4 | Found a runed translucent gate.
 56883 | Vaults:4 | Reached skill level 10 in Fighting
 56896 | Vaults:4 | Found Poelul's Armour Boutique.
 57423 | Vaults:4 | Reached skill level 12 in Fire Magic
 57668 | Vaults:4 | Noticed Zonian's ghost (adept HOFi)
 57932 | Vaults:2 | Learned a level 5 spell: Bolt of Magma
 58000 | Vaults:2 | Learned a level 5 spell: Fireball
 58327 | Snake:1  | Noticed Aizul
 58335 | Snake:1  | Killed Aizul
 58568 | Snake:1  | Found Hoimomel's Assorted Antiques.
 58568 | Snake:1  | Found Bidoamad's Antique Armour Shop.
 58571 | Snake:1  | Found Iheorar's Gadget Shop.
 58572 | Snake:1  | Found Waciusoc's Assorted Antiques.
 58574 | Snake:1  | Bought a wand of flame (21) for 33 gold pieces
 58863 | Snake:1  | Found a white marble altar of Elyvilon.
 58919 | Snake:1  | Found Qor Xed's Armour Shop.
 58922 | Snake:1  | Bought a +1 buckler of reflection for 175 gold pieces
 58957 | Snake:1  | Reached skill level 5 in Spellcasting
 59311 | Snake:1  | Found Gadd's Armour Boutique.
 59315 | Snake:1  | Found Idweas's Magic Scroll Shop.
 59645 | Snake:2  | Reached skill level 6 in Spellcasting
 59731 | Snake:2  | Noticed Roxanne
 59844 | Snake:2  | Noticed Vashnia
 60251 | Snake:2  | Killed Vashnia
 60252 | Snake:2  | Reached skill level 11 in Fighting
 60537 | Snake:2  | Noticed Jorgrun
 60553 | Snake:2  | Killed Jorgrun
 60560 | Snake:2  | Reached skill level 14 in Dodging
 60793 | Snake:2  | Found a runed translucent door.
 61144 | Snake:2  | Got a bound gossamer ring
 61147 | Snake:2  | Identified the ring "Veeskuih" {Str+4 Slay+4} (You found it
                  | on level 2 of the Snake Pit)
 61636 | Snake:3  | Reached XP level 22. HP: 118/146 MP: 24/31
 61726 | Snake:3  | Reached skill level 12 in Fighting
 62037 | Snake:3  | Noticed Azrael
 62047 | Snake:3  | Killed Azrael
 62604 | Snake:4  | Entered Level 4 of the Snake Pit
 62961 | Snake:4  | Reached skill level 15 in Dodging
 63798 | Snake:4  | Found Giurot's Gadget Emporium.
 63799 | Snake:4  | Found Dieriss's Jewellery Boutique.
 63800 | Snake:4  | Found Zonneir's Gadget Emporium.
 64132 | Snake:4  | Reached skill level 13 in Fighting
 64163 | Snake:4  | Reached skill level 15 in Earth Magic
 65008 | Snake:4  | Got a serpentine rune of Zot
 65205 | Lair:3   | Found a viscous altar of Jiyva.
 65238 | Lair:3   | Killed sokol815's ghost
 65466 | D:12     | Killed Uwkeq's ghost
 65778 | Elf:1    | Entered Level 1 of the Elven Halls
 65813 | Elf:1    | Reached XP level 23. HP: 158/158 MP: 32/32
 65925 | D:13     | Bought the ring "Eniu" {Fire rN+ Stlth+} for 780 gold
                  | pieces
 66067 | Elf:1    | Found Zeamogif's Magic Scroll Emporium.
 66075 | Elf:1    | Bought a scroll of enchant weapon for 127 gold pieces
 66075 | Elf:1    | Bought a scroll of acquirement for 884 gold pieces
 66075 | Elf:1    | Bought a scroll of blinking for 127 gold pieces
 66075 | Elf:1    | Acquired a book of Alchemy
 66083 | Elf:1    | Learned a level 5 spell: Irradiate
 66111 | Elf:1    | Reached skill level 16 in Earth Magic
 66678 | Elf:1    | Noticed Kirke
 66689 | Elf:1    | Killed Kirke
 67544 | Elf:2    | Found a runed translucent gate.
 67545 | Elf:2    | Found a runed translucent gate.
 67546 | Elf:2    | Found a runed translucent gate.
 67617 | Elf:2    | Reached skill level 5 in Shields
 67665 | Elf:2    | Found the +2 robe of Vines {NoPotionHeal Regen+7}
 68266 | Elf:2    | Reached skill level 14 in Fighting
 68272 | Elf:2    | Reached skill level 6 in Shields
 68342 | Elf:2    | Noticed Agnes
 68347 | Elf:2    | Killed Agnes
 68446 | Elf:2    | Reached skill level 7 in Shields
 68660 | Elf:2    | Reached skill level 7 in Spellcasting
 68929 | Depths:1 | Entered Level 1 of the Depths
 69263 | Depths:1 | Found a gateway to Hell.
 69273 | Depths:1 | Reached skill level 8 in Shields
 69495 | Depths:1 | Noticed the Enchantress
 69509 | Depths:1 | Killed the Enchantress
 69510 | Depths:1 | Reached skill level 9 in Shields
 69510 | Depths:1 | Reached skill level 17 in Earth Magic
 69655 | Depths:1 | Found a glowing golden altar of the Shining One.
 70605 | Depths:2 | Noticed Jory
 70615 | Depths:2 | Killed Jory
 70616 | Depths:2 | Reached skill level 10 in Shields
 70909 | Depths:2 | Reached XP level 24. HP: 167/167 MP: 34/34
 71691 | Depths:2 | Reached skill level 11 in Shields
 71826 | Depths:2 | Reached skill level 8 in Spellcasting
 72043 | Depths:3 | Found a one-way gate leading to the halls of Pandemonium.
 72194 | Depths:3 | Reached skill level 12 in Shields
 73048 | Depths:3 | Identified the +6 long sword "Putav" {vorpal, +Inv} (You
                  | found it on level 3 of the Depths)
 73169 | Depths:3 | Noticed a juggernaut
 73182 | Depths:3 | Killed a juggernaut
 73183 | Depths:3 | Reached skill level 13 in Shields
 73183 | Depths:3 | Reached skill level 18 in Earth Magic
 73425 | Depths:3 | Noticed a caustic shrike
 73441 | Depths:3 | Killed a caustic shrike
 73442 | Depths:3 | Reached skill level 15 in Fighting
 73549 | Depths:3 | Identified Dotwosot's Handbook of Moulding and Evil Arts
 73803 | Depths:3 | Reached skill level 9 in Spellcasting
 74350 | Depths:4 | Noticed Mennas
 74366 | Depths:4 | Killed Mennas
 74367 | Depths:4 | Reached skill level 14 in Shields
 74367 | Depths:4 | Reached XP level 25. HP: 174/174 MP: 33/36
 74735 | Depths:4 | Found a gateway to a ziggurat.
 74872 | Depths:4 | Reached skill level 19 in Earth Magic
 75333 | Depths:4 | Reached skill level 10 in Spellcasting
 75361 | Depths:4 | Reached skill level 15 in Shields
 75617 | Depths:5 | Entered Level 5 of the Depths
 75680 | Depths:5 | HP: 48/226 [spark wasp (12)]
 75707 | Depths:5 | HP: 48/226 [fire giant/+2 great sword of flaming (17)]
 76354 | Depths:5 | Reached skill level 16 in Shields
 76381 | Depths:4 | Reached skill level 20 in Earth Magic
 76605 | Depths:5 | Noticed Sojobo
 76630 | Depths:5 | HP: 55/226 [air elemental/tornado[Sojobo] (5)]
 76631 | Depths:5 | Killed Sojobo
 76632 | Depths:5 | Reached XP level 26. HP: 56/180 MP: 24/37
 77121 | Depths:5 | Gained mutation: You are agile. (Dex +2) [mutagenic glow]
 77131 | Depths:4 | Gained mutation: Scrolls take you a little longer to read.
                  | [mutagenic glow]
 77618 | Depths:5 | Reached skill level 17 in Shields
 77698 | Depths:5 | Found a gate to the Realm of Zot.
 78407 | D:11     | Bought the Collected Works on the Glacier and the Compass
                  | for 952 gold pieces
 78410 | D:11     | Bought the ring "Abrasm" {+Fly rElec rPois Int+5} for 652
                  | gold pieces
 78507 | Elf:3    | Entered Level 3 of the Elven Halls
 78574 | Elf:3    | Found a frozen archway.
 78616 | IceCv    | Entered an ice cave
 79085 | IceCv    | Identified the Grimoire of Stones
 80656 | Elf:3    | Reached skill level 18 in Shields
 80665 | Elf:3    | HP: 54/234 [deep elf high priest/divine providence (8)]
 81224 | Elf:3    | Identified the +4 shortbow of Raux {flame, +Blink}
 81556 | Elf:3    | Identified the Volume of Cloudy Clay
 81578 | Elf:3    | Identified the amulet "Vuehyu Deyhe" {Inacc Str+3} (You
                  | found it on level 3 of the Elven Halls)
 81838 | D:11     | Bought the ring of Sockewir {*Slow rC+ rN++ EV+4 Stlth+}
                  | for 923 gold pieces
 81838 | D:11     | Bought the ring "Ategoqom" {Wiz rN+ Will++ Str-3} for 692
                  | gold pieces
 81851 | D:11     | Learned a level 6 spell: Ozocubu's Refrigeration
 82069 | Crypt:1  | Entered Level 1 of the Crypt
 82567 | Crypt:1  | Noticed Boris
 82592 | Crypt:1  | Killed Boris
 83133 | Crypt:1  | Noticed Margery
 83147 | Crypt:1  | Killed Margery
 83158 | Crypt:1  | Reached skill level 21 in Earth Magic
 83425 | Crypt:2  | Noticed an ancient lich
 83501 | Crypt:2  | Reached XP level 27. HP: 186/186 MP: 28/37
 83883 | Crypt:2  | Found an ancient bone altar of Kikubaaqudgha.
 83940 | Crypt:2  | Identified the +6 scimitar of Regicide {vorpal, rElec rF+
                  | Will+ Dex-5} (You found it on level 2 of the Crypt)
 83967 | Crypt:2  | Found a transporter.
 83967 | Crypt:2  | Identified the ring "Tiylad" {+Blink rN+ Dex+10}
 83982 | Crypt:2  | Found a transporter.
 84324 | Crypt:3  | Entered Level 3 of the Crypt
 84779 | Crypt:3  | Reached skill level 22 in Earth Magic
 85197 | Crypt:3  | Found a staircase to the Tomb.
 85199 | Crypt:3  | Noticed an ancient lich
 85211 | Crypt:3  | Killed an ancient lich
 85254 | Crypt:3  | Noticed an ancient lich
 85264 | Crypt:3  | Killed an ancient lich
 85937 | Crypt:3  | Got a transparent platinum amulet
 85937 | Crypt:3  | Got a slimy platinum ring
 86116 | Crypt:3  | Identified the amulet of Zin's Castigation {rC++ Will+
                  | Regen+} (You found it on level 3 of the Crypt)
 86118 | Crypt:3  | Identified the ring of Sunlight {rN+ Stlth+} (You found it
                  | on level 3 of the Crypt)
 86393 | Vaults:4 | Reached skill level 23 in Earth Magic
 86396 | Vaults:4 | Killed Zonian's ghost
 86712 | Crypt:2  | Killed an ancient lich
 87033 | Crypt:2  | Identified the +5 long sword "Imoqynt" {vorpal, rElec MP+9
                  | Stlth+} (You found it on level 2 of the Crypt)
 87288 | Vaults:5 | Entered Level 5 of the Vaults
 87342 | Vaults:5 | Reached skill level 24 in Earth Magic
 87918 | Vaults:5 | Acquired 837 gold pieces
 88009 | Vaults:5 | Reached skill level 1 in Ice Magic
 88098 | Vaults:5 | Identified the amulet "Zeybi" {Faith rElec Int-5 Stlth+}
 88102 | Vaults:5 | Reached skill level 2 in Ice Magic
 88102 | Vaults:5 | Identified the ring "Sawiezoh" {Wiz Str+4 Dex+4 Stlth+}
 88114 | Vaults:5 | Reached skill level 3 in Ice Magic
 88124 | Vaults:5 | Reached skill level 25 in Earth Magic
 88129 | Vaults:5 | Identified the +8 hunting sling "Bingo" {flame, Int+2}
 88135 | Vaults:5 | Reached skill level 4 in Ice Magic
 88137 | Vaults:5 | Identified the ring "Vedaez" {rF+ Slay+4}
 88154 | Vaults:5 | Reached skill level 5 in Ice Magic
 88173 | Vaults:5 | Reached skill level 6 in Ice Magic
 88178 | Vaults:5 | Reached skill level 7 in Ice Magic
 88205 | Vaults:5 | Reached skill level 8 in Ice Magic
 88249 | Vaults:5 | Reached skill level 9 in Ice Magic
 88281 | Vaults:5 | Reached skill level 10 in Ice Magic
 88749 | Vaults:5 | Got a silver rune of Zot
 88750 | Vaults:5 | Identified the Tome of Stones
 88836 | Vaults:5 | Reached skill level 11 in Ice Magic
 89643 | Zot:1    | Entered Level 1 of the Realm of Zot
 89853 | Zot:1    | Noticed an orb of fire
 90004 | Zot:1    | Reached skill level 12 in Ice Magic
 90187 | Zot:1    | Reached skill level 11 in Spellcasting
 90737 | Slime:1  | Entered Level 1 of the Pits of Slime
 90834 | Slime:1  | Gained mutation: Your body sometimes deteriorates upon
                  | taking damage. [a shining eye]
 91126 | Slime:1  | Learned a level 9 spell: Shatter
 91899 | Snake:2  | Killed Roxanne
 91954 | Snake:2  | Upgraded the game from 0.26-a0-1164-g1a551d6a14 to
                  | 0.26-a0-1177-g1209ec82b9
 92326 | Slime:3  | HP: 48/241 [acid blob (27)]
 92326 | Slime:3  | HP: 16/241 [acid (9)]
 92329 | Slime:3  | HP: 6/241 [acid (12)]
 92330 | Slime:3  | HP: 1/186 [acid (14)]
 92337 | Slime:2  | HP: 13/186 [acid blob/splash of acid (10)]
 92337 | Slime:2  | Splashed by an acid blob's acid

Illustrated notes

Levels and vault maps discovered:
D:1:      dpeg_arrival_pond, layout_loops_corners
D:2:      layout_basic, chequers_ecumenical_altar_island, uniq_terence
D:3:      layout_rooms, hangedman_decor_push, elyvilon_altar_1
D:4:      layout_basic, minmay_manual_maat
D:5:      layout_basic, nzn_hepliaklqana_mist_gate
D:6:      layout_rooms, serial_shops, kennysheep_little_box
D:7:      layout_loops_ring, minmay_temple_entry_arrows, minivault_11
D:8:      layout_gridville, uniq_erica
D:9:      layout_small_grid, serial_shops, shop
D:10:     lemuel_bear_cage, layout_basic, minmay_misc_feat_room
D:11:     layout_loops_ring, erik_lair_dragon, orc_0_dummy, enter_bailey_2,
          hangedman_corner_corridor
D:12:     layout_basic, serial_undead, serial_undead_e, serial_undead_e,
          serial_undead_d, serial_undead_b, serial_undead_b, serial_undead_e,
          gauntlet_entry_generic, gammafunk_ghost_spectres, hex_tiny, uniq_urug,
          uniq_nessos, uniq_nergalle
D:13:     layout_long_grid, grunt_vaults_entry_tiered, basic_altar,
          minmay_misc_feat_rows, xom_redecorated
D:14:     layout_basic, hangedman_fish_farm, uniq_frances
D:15:     gammafunk_depths_entry_grave, layout_gridville, columned_hall_lemuel,
          corexii_leaking_fountain
Temple:   nicolae_temple_the_god_donut
Lair:1:   wad_woods_structure_01, layout_gridlike, minmay_lair_oklob_chamber,
          infiniplex_staircase_pool, serial_bayou_shore_b
Lair:2:   layout_misc_corridors, grunt_megastairs_4
Lair:3:   layout_regular_city, minmay_snake_entry_six_corridors,
          gammafunk_ghost_ooze, kennysheep_abandoned_house
Lair:4:   layout_regular_city, elwin_shoals_entry_stream,
          nicolae_volcano_entry_batcave, st_stairs_3
Lair:5:   layout_big_grid, basic_altar, minmay_shattered_shrine,
          infiniplex_staircase_pool_2, serial_bayou_shore_b
Lair:6:   due_jungle_book, layout_regular_city, nicolae_slime_entry_slimehenge
Shoals:1: layout_shoals, gammafunk_ghost_abyssal_escape, nzn_prometheus_bound
Shoals:2: layout_shoals
Shoals:3: layout_shoals, nicolae_shoals_loop_pool
Shoals:4: shoals_end_grunt_ice, layout_shoals, lemuel_oklob_altar
Snake:1:  layout_concentric_octagons, basic_altar, serial_shops,
          nicolae_shop_stone, nicolae_shop_behind_doors, shop, shop,
          hangedman_feature_mirror, grunt_ministairs_11,
          minmay_shop_grid_forest, hangedman_snake_corridor_split, uniq_aizul
Snake:2:  layout_misc_corridors, lightli_airlock, uniq_vashnia, uniq_jorgrun,
          uniq_roxanne
Snake:3:  layout_rooms, serial_bayou_pond_a, grunt_ministairs_11,
          grunt_megastairs_3, uniq_azrael
Snake:4:  johnstein_snake_rune_scales, layout_cave_town, serial_bayou_pond_c,
          grunt_megastairs_1, serial_bayou_shore_b, minmay_shop_grove
Slime:1:  layout_caves
Slime:2:  layout_caves
Slime:3:  layout_caves, basic_altar
Orc:1:    layout_caves, serial_shops, shop, bloody_makhleb, uniq_josephine
Orc:2:    st_orc_town, layout_diamond_mine, special_room,
          mumra_transporter_accident, bh_open_orc_temple, uniq_maurice,
          uniq_erolcha
Elf:1:    eino_elf_arrival_customs, layout_gridlike, serial_shops,
          nicolae_shop_trees, hangedman_elf_disciples, uniq_kirke
Elf:2:    layout_loops_corners, corexii_checkpoint_a,
          nicolae_elf_big_sculpture_1, fake_guardian_serpent_vault, uniq_agnes
Elf:3:    minmay_elf_hall_hex, layout_gridlike,
          portal_ice_cave_entry_ice_statue_two
Vaults:1: ontoclasm_vaults_claustrophobia, v_misc_9, vaults_room_hallway,
          v_misc_9, nicolae_vaults_triangles, nicolae_vaults_know_your_exits,
          vaults_room_octagon, ontoclasm_vaults_loading_screen,
          hangedman_vaults_cutoff, vaults_room_corners, hangedman_vaults_nodes,
          ontoclasm_vaults_shuriken, ontoclasm_vaults_loading_screen,
          layout_vaults_maze_snakey
Vaults:2: st_greater_box_4, v_alt_pattern_2,
          hangedman_vaults_stretched_pinwheel, nicolae_vaults_network_s,
          nicolae_vaults_shelves_hall, nicolae_vaults_gold_heap, v_misc_10,
          v_misc_23, v_misc_19, v_pattern_5, nicolae_vaults_border_crossing,
          layout_vaults_big_cross
Vaults:3: minmay_crypt_entry_simple_walls, vaults_room_door_ring, v_misc_4,
          vaults_dpeg_encased_lava, v_misc_9, nicolae_vaults_yaktaur_gun_rack,
          v_alt_pattern_2, hangedman_vaults_snaps, hangedman_vaults_slice,
          nicolae_vaults_little_squares_6, layout_vaults_quadrants,
          mu_enter_wizlab_6
Vaults:4: gammafunk_vaults_ghost_fury_of_okawaru, v_alt_pattern_6,
          vaults_room_ringed_pool, vaults_mumra_minichess,
          nicolae_vaults_three_branches, v_misc_4, grunt_vaults_hallway_short,
          nicolae_vaults_sealed_display, v_misc_33, vaults_room_pools,
          ontoclasm_vaults_misaligned, ontoclasm_vaults_ring_small,
          layout_vaults_ring, serial_shops, nicolae_shop_behind_doors
Vaults:5: serial_shops
Crypt:1:  layout_chaotic_city, grunt_megastairs_5, grunt_crypt_arrival_split,
          uniq_boris, uniq_margery
Crypt:2:  gammafunk_the_bubble [the_bubble_gammafunk_plus_minus],
          layout_misc_corridors, lemuel_mausoleum_altar_kikubaaqudgha
Crypt:3:  quadcrypt_mu
Depths:1: layout_gridville, hangedman_decor_slide_cut, abyss_entry, hell_entry,
          minmay_misc_feat_roman, minmay_variable_closet, grunt_ministairs_3,
          tso_altar, uniq_enchantress
Depths:2: due_jory_tower, layout_basic, hangedman_coc_ice_floe,
          serial_corexii_hall, corexii_hall_statues_s, corexii_hall_statues_s,
          hex_medium, moated_statue, serial_bayou_shore_b,
          infiniplex_staircase_pillars_1
Depths:3: kennysheep_large_spiral, layout_basic, hell_entry,
          hangedman_decor_riveting, rand_demon_pan_entry_7,
          minmay_staircase_bubble
Depths:4: hangedman_screamer, layout_twisted_cross, ziggurat_fallback,
          grunt_decor_cap, grunt_hell_entry_dis_mu, abyss_entry,
          minmay_misc_feat_doors, uniq_mennas
Depths:5: evilmike_zot_entry_round, layout_cave_pools,
          hangedman_decor_clover_reticule, hangedman_tar_grid_catacomb,
          rand_demon_pan_entry_5, nrook_loot_triangle, drop_trap,
          minmay_misc_feat_five, st_stairs_13, lemuel_flamethrower_3,
          uniq_sojobo, uniq_jory
Zot:1:    layout_concentric_octagons

Skill      XL: |  1  2  3  4  5  6  7  8  9 10 11 12 13 14 15 16 17 18 19 20 21 22 23 24 25 26 27 |
---------------+----------------------------------------------------------------------------------+-----
Long Blades    | 3 6 8 9 11 13 | 13.1
Dodging        | 3 4 5 7 8 9 11 12 14 15 | 15.0
Short Blades   | 1 2 3 5 7 8 |  8.5
Stealth        | 7 8 10 11 12 13 14 | 14.0
Evocations     | 5 8 10 | 10.0
Poison Magic   | 1 6 8 |  8.0
Conjurations   | 1 5 6 7 9 11 | 11.9
Air Magic      | 1 5 6 7 9 11 12 | 12.3
Shields        | 4 10 14 16 18 | 18.9
Spellcasting   | 3 4 6 7 9 10 11 | 11.6
Fighting       | 6 8 9 11 13 14 15 | 15.0
Transmutations | 4 8 10 13 14 | 14.0
Earth Magic    | 4 8 10 13 14 15 17 18 20 21 25 | 25.0
Fire Magic     | 9 12 | 12.2
Ice Magic      | 12 | 12.8

Action                   |  1- 3 |  4- 6 |  7- 9 | 10-12 | 13-15 | 16-18 | 19-21 | 22-24 | 25-27 || total
-------------------------+-------+-------+-------+-------+-------+-------+-------+-------+-------++-------
Melee: Falchion          |     7 |       |       |       |       |       |       |       |       ||     7
       Constrict         |    15 |    20 |    45 |    63 |   164 |   235 |   116 |   180 |   289 ||  1127
       Tentacles         |     7 |    17 |    58 |   166 |   396 |   467 |   431 |   418 |   717 ||  2677
       Dagger            |    53 |    95 |   275 |   508 |  1169 |   478 |    30 |    53 |    17 ||  2678
       Scimitar          |       |       |       |       |     6 |  1032 |  1281 |  1310 |  1776 ||  5405
       Staff             |       |       |       |       |       |     1 |       |       |       ||     1
Throw: Stone             |    17 |       |    13 |     1 |       |       |       |       |       ||    31
       Dart              |       |       |       |    11 |    16 |     4 |       |       |       ||    31
       Javelin           |       |       |       |       |       |     9 |       |       |       ||     9
 Cast: Mephitic Cloud    |       |       |       |     4 |    57 |   155 |    34 |       |     6 ||   256
       Lightning Bolt    |       |       |       |       |     7 |    32 |    14 |       |     7 ||    60
       Airstrike         |       |       |       |       |       |    52 |     3 |       |       ||    55
       Statue Form       |       |       |       |       |       |    13 |    86 |    94 |   117 ||   310
       Iron Shot         |       |       |       |       |       |     2 |       |       |       ||     2
       Bolt of Magma     |       |       |       |       |       |       |    38 |    17 |    17 ||    72
       Fireball          |       |       |       |       |       |       |     9 |    15 |    10 ||    34
       Irradiate         |       |       |       |       |       |       |       |     4 |    12 ||    16
       Ozocubu's Refrige |       |       |       |       |       |       |       |       |     4 ||     4
Invok: Call Merchant     |       |       |       |     1 |     1 |       |     5 |       |     7 ||    14
       Potion Petition   |       |       |       |       |     1 |       |     1 |       |     1 ||     3
 Abil: Evoke Invisibilit |       |       |       |       |     4 |       |       |       |       ||     4
       End Transformatio |       |       |       |       |       |       |     1 |     1 |       ||     2
Evoke: Wand              |       |       |     2 |     8 |    20 |    19 |     8 |       |     3 ||    60
       Condenser vane    |       |       |       |       |       |     1 |     1 |     3 |     5 ||    10
       Lightning rod     |       |       |       |       |       |     1 |     4 |       |       ||     5
       Tin of tremorston |       |       |       |       |       |       |     3 |       |     2 ||     5
  Use: Scroll            |       |     2 |    11 |     7 |    15 |    17 |     9 |     6 |    16 ||    83
       Potion            |       |       |     4 |     2 |     5 |     7 |     9 |     3 |     5 ||    35
 Stab: Sleeping          |     8 |    20 |    34 |    22 |    63 |    31 |    18 |    40 |    21 ||   257
       Distracted        |       |       |     2 |     8 |    12 |    15 |    11 |    22 |    38 ||   108
       Confused          |       |       |       |     4 |    70 |   165 |    54 |       |     8 ||   301
       Invisible         |       |       |       |       |     3 |       |       |       |       ||     3
Armor: Skin              |     3 |     2 |    20 |    21 |    22 |   126 |   514 |   564 |   671 ||  1943
Dodge: Dodged            |    25 |    33 |    78 |   224 |   304 |   642 |  1186 |  1576 |  1899 ||  5967
Block: Other             |       |       |       |     8 |       |       |       |       |       ||     8
       Reflection        |       |       |       |     1 |    14 |    56 |    16 |    62 |    42 ||   191
       Buckler           |       |       |       |       |   250 |   734 |   562 |   780 |  1306 ||  3632
       Rpst.: Scimitar   |       |       |       |       |       |   123 |   239 |   284 |   285 ||   931

Table legend: (Time is in decaauts)
 A = Elapsed time spent in this place.
 B = Non-inter-level travel time spent in this place.
 C = Inter-level travel time spent in this place.
 D = Time resting spent in this place.
 E = Time spent auto-exploring this place.
 F = Levels seen in this place.
 G = Mean time per level.
                   A        B        C        D        E       F      G
               +--------+--------+--------+--------+--------+-----+--------+
         Total |  97678 |  88574 |   9104 |  23132 |  42197 |  57 | 1713.6 |
       Dungeon |  23188 |  19545 |   3643 |   5097 |  10508 |  15 | 1545.9 |
        Temple |     14 |      7 |      7 |      0 |      0 |   1 |   14.0 |
          Lair |  11173 |   9708 |   1465 |   3470 |   4381 |   6 | 1862.2 |
        Shoals |   8379 |   8042 |    337 |   3727 |   2460 |   4 | 2094.8 |
     Snake Pit |   8948 |   8505 |    443 |   1977 |   3993 |   4 | 2237.0 |
    Slime Pits |    430 |    424 |      6 |     85 |     59 |   3 |  143.3 |
  Orcish Mines |   2379 |   2181 |    198 |    235 |   1187 |   2 | 1189.5 |
   Elven Halls |   5769 |   5222 |    547 |    865 |   2937 |   3 | 1923.0 |
        Vaults |  14034 |  12723 |   1311 |   2428 |   6421 |   5 | 2806.8 |
         Crypt |   5579 |   5097 |    482 |    523 |   3120 |   3 | 1859.7 |
        Depths |  11084 |  10475 |    609 |   2583 |   5233 |   5 | 2216.8 |
           Zot |    813 |    762 |     51 |      0 |    547 |   1 |  813.0 |
        Bailey |    459 |    459 |      0 |     65 |    155 |   1 |  459.0 |
      Ice Cave |   1337 |   1337 |      0 |    420 |    371 |   1 | 1337.0 |
       Volcano |    364 |    364 |      0 |    140 |     46 |   1 |  364.0 |
        Wizlab |   3136 |   3136 |      0 |   1445 |    508 |   1 | 3136.0 |
      Gauntlet |    584 |    584 |      0 |     68 |    269 |   1 |  584.0 |
               +--------+--------+--------+--------+--------+-----+--------+

Top non-repeatable levels by time:
Vaults:2: 3345 daAuts
  WizLab: 3136 daAuts
Vaults:4: 3041 daAuts
    D:13: 2979 daAuts
  Lair:1: 2959 daAuts
Vaults:1: 2673 daAuts
Vaults:3: 2594 daAuts
Depths:4: 2588 daAuts
    D:11: 2582 daAuts
 Snake:4: 2571 daAuts
  Lair:6: 2555 daAuts
Depths:5: 2527 daAuts
Depths:2: 2510 daAuts
    D:14: 2499 daAuts
   Elf:3: 2442 daAuts

Table legend:
 A = Kills in this place as a percentage of kills in entire the game.
 B = Kills by you in this place as a percentage of kills by you in the entire game.
 C = Kills by friends in this place as a percentage of kills by friends in the entire game.
 D = Other kills in this place as a percentage of other kills in the entire game.
 E = Experience gained in this place as a percentage of experience gained in the entire game.
 F = Experience gained in this place divided by the number of levels of this place that you have seen.
                   A       B       C       D       E      F
               +-------+-------+-------+-------+-------+----------------------
         Total | 100.0 | 100.0 |   N/A | 100.0 | 100.0 | 28560.2
       Dungeon |  17.6 |  18.2 |   N/A |   0.0 |   4.6 | 5036.8
          Lair |   6.7 |   6.8 |   N/A |   1.2 |   4.1 | 11110.8
        Shoals |   4.7 |   4.7 |   N/A |   4.9 |   4.6 | 18742.2
     Snake Pit |  11.8 |  12.1 |   N/A |   2.5 |  10.7 | 43576.5
    Slime Pits |   0.8 |   0.8 |   N/A |   0.0 |   1.2 | 6327.7
  Orcish Mines |   5.0 |   4.9 |   N/A |   8.6 |   1.1 | 9017.0
   Elven Halls |   5.5 |   4.6 |   N/A |  33.3 |   7.9 | 42735.7
        Vaults |  19.1 |  18.4 |   N/A |  44.4 |  25.1 | 81809.2
         Crypt |   7.5 |   7.8 |   N/A |   0.0 |  10.6 | 57469.7
        Depths |  14.0 |  14.3 |   N/A |   3.7 |  22.0 | 71677.8
           Zot |   0.8 |   0.8 |   N/A |   0.0 |   2.7 | 43171.0
        Bailey |   1.2 |   1.3 |   N/A |   0.0 |   0.0 | 359.0
      Ice Cave |   2.1 |   2.2 |   N/A |   0.0 |   0.6 | 9626.0
       Volcano |   0.5 |   0.5 |   N/A |   0.0 |   0.2 | 3746.0
        Wizlab |   2.2 |   2.2 |   N/A |   1.2 |   4.3 | 69632.0
      Gauntlet |   0.5 |   0.5 |   N/A |   0.0 |   0.3 | 4836.0
               +-------+-------+-------+-------+-------+----------------------
